[ PARTIDA AOE2 · #508074298 ]
UnrankedEtíopes vs Teutons
Equipo del jugador · DERR
Equipo rival · VICT
[ ANÁLISIS DE REPETICIÓN · EXTRAÍDO DE LA PARTIDA GRABADA ]
Feudal
8:54
Castillos
20:43
Imperial
36:46
| APM promedio | 50.9 |
| APM pico | 113 |
| eAPM promedio | 29.9 |
| Aldeanos / militares | 180 / 158 |
Foco
⚔️ 35.9% · 🌾 64.1%
Spearman ×132 · Monk ×8 · Knight ×7 · Camel Scout ×5 · Trebuchet (Packed) ×4 · Scout Cavalry ×2
Feudal
8:26
Castillos
23:25
Imperial
38:29
| APM promedio | 93.4 |
| APM pico | 162 |
| eAPM promedio | 58.8 |
| Aldeanos / militares | 190 / 226 |
Foco
⚔️ 74.3% · 🌾 25.7%
Knight ×190 · Spearman ×19 · Scout Cavalry ×8 · Monk ×3 · Archer ×3 · Skirmisher ×3
Mapa de la partida
Recursos iniciales + cada clic de construcción. Líneas = muros · curvas = relieve. ◆ oro · ⬟ piedra · ● bayas · ✦ reliquia · ◌ hueco del cierre
Tu base· ✓ Cerrada en 20:43 · 34t muro · 2 puerta(s)
Base de XEVER | Rivux· ✓ Cerrada en 23:25 · 35t muro · sin puerta
Terreno inicial suavizado · ◌ = hueco del cierre detectado · pasá el cursor para detalles
Inputs por minuto
— _DY_孟川 - - XEVER | Rivux
Build order — _DY_孟川
Primeras 150 de 543 acciones detectadas
| 0:01 | Encolar | Villager (Male) |
| 0:02 | Construir | House |
| 0:04 | Construir | House |
| 0:05 | Encolar | Villager (Male) |
| 0:07 | Encolar | Villager (Male) |
| 0:09 | Encolar | Villager (Male) |
| 0:09 | Encolar | Villager (Male) |
| 1:25 | Encolar | Villager (Male) |
| 1:25 | Encolar | Villager (Male) |
| 1:51 | Encolar | Villager (Male) |
| 1:51 | Encolar | Villager (Male) |
| 2:26 | Encolar | Villager (Male) |
| 2:27 | Encolar | Villager (Male) |
| 2:42 | Encolar | Villager (Male) |
| 2:42 | Encolar | Villager (Male) |
| 3:09 | Construir | Lumber Camp |
| 3:17 | Encolar | Villager (Male) |
| 3:18 | Encolar | Villager (Male) |
| 3:18 | Encolar | Villager (Male) |
| 3:49 | Construir | House |
| 3:55 | Encolar | Villager (Male) |
| 3:55 | Encolar | Villager (Male) |
| 4:28 | Encolar | Villager (Male) |
| 4:29 | Encolar | Villager (Male) |
| 4:46 | Encolar | Villager (Male) |
| 4:46 | Encolar | Villager (Male) |
| 4:47 | Encolar | Villager (Male) |
| 5:21 | Encolar | Villager (Male) |
| 5:42 | Encolar | Villager (Male) |
| 5:57 | Investigar | Loom |
| 6:09 | Construir | Mill |
| 6:44 | Investigar | Feudal Age |
| 7:29 | Construir | House |
| 7:51 | Construir | Barracks |
| 8:31 | Encolar | Villager (Male) |
| 8:54 | Edad | Edad Feudal |
| 8:57 | Construir | Stable |
| 9:01 | Investigar | Double-Bit Axe |
| 9:04 | Encolar | Villager (Male) |
| 9:08 | Encolar | Spearman |
| 9:23 | Encolar | Villager (Male) |
| 9:30 | Construir | House |
| 9:37 | Construir | Palisade Gate |
| 9:37 | Encolar | Scout Cavalry |
| 9:41 | Construir | Palisade Wall |
| 9:47 | Encolar | Villager (Male) |
| 9:50 | Encolar | Spearman |
| 10:08 | Construir | Palisade Wall |
| 10:15 | Construir | Palisade Wall |
| 10:17 | Encolar | Villager (Male) |
| 10:22 | Construir | Palisade Wall |
| 10:25 | Encolar | Scout Cavalry |
| 10:39 | Construir | House |
| 10:39 | Construir | Palisade Wall |
| 10:45 | Encolar | Villager (Male) |
| 11:05 | Encolar | Villager (Male) |
| 11:08 | Construir | House |
| 11:29 | Construir | Farm |
| 11:30 | Encolar | Villager (Male) |
| 11:33 | Construir | House |
| 11:35 | Construir | Farm |
| 11:53 | Construir | Farm |
| 11:54 | Construir | Farm |
| 11:56 | Encolar | Villager (Male) |
| 11:59 | Construir | Farm |
| 12:06 | Construir | Mining Camp |
| 12:23 | Encolar | Villager (Male) |
| 12:29 | Construir | Farm |
| 12:55 | Encolar | Villager (Male) |
| 13:06 | Construir | Farm |
| 13:14 | Construir | Farm |
| 13:15 | Encolar | Villager (Male) |
| 13:27 | Construir | Farm |
| 13:46 | Construir | House |
| 13:56 | Construir | House |
| 14:00 | Investigar | Town Watch |
| 14:04 | Construir | House |
| 14:14 | Construir | House |
| 14:15 | Encolar | Spearman |
| 14:18 | Construir | House |
| 14:24 | Construir | Palisade Wall |
| 14:29 | Encolar | Villager (Male) |
| 14:29 | Encolar | Villager (Male) |
| 14:39 | Construir | Palisade Wall |
| 14:41 | Construir | Palisade Wall |
| 15:00 | Construir | Lumber Camp |
| 15:04 | Encolar | Villager (Male) |
| 15:29 | Construir | Watch Tower |
| 15:37 | Encolar | Villager (Male) |
| 15:47 | Encolar | Spearman |
| 15:52 | Construir | Stone Wall |
| 15:55 | Construir | Stone Wall |
| 15:57 | Construir | Stone Wall |
| 16:12 | Encolar | Villager (Male) |
| 16:17 | Construir | Stone Wall |
| 16:18 | Construir | Stone Wall |
| 16:22 | Construir | Stone Wall |
| 16:28 | Construir | Mining Camp |
| 16:36 | Encolar | Villager (Male) |
| 16:44 | Construir | Blacksmith |
| 16:53 | Encolar | Villager (Male) |
| 17:04 | Construir | House |
| 17:11 | Encolar | Villager (Male) |
| 17:18 | Construir | Stone Wall |
| 17:24 | Construir | Stone Wall |
| 17:47 | Construir | Gate |
| 17:58 | Construir | Farm |
| 18:03 | Investigar | Castle Age |
| 18:15 | Construir | Stable |
| 18:46 | Construir | Watch Tower |
| 18:53 | Construir | Stone Wall |
| 19:08 | Encolar | Spearman |
| 19:30 | Construir | Farm |
| 19:40 | Construir | Farm |
| 19:41 | Construir | Farm |
| 20:02 | Construir | Farm |
| 20:19 | Construir | Watch Tower |
| 20:43 | Edad | Edad de los Castillos |
| 20:47 | Encolar | Knight |
| 20:47 | Encolar | Knight |
| 20:48 | Encolar | Knight |
| 20:48 | Encolar | Knight |
| 21:09 | Encolar | Villager (Male) |
| 21:18 | Encolar | Villager (Male) |
| 21:22 | Construir | House |
| 21:32 | Investigar | Scale Barding Armor |
| 21:33 | Encolar | Villager (Male) |
| 21:35 | Construir | Farm |
| 22:03 | Encolar | Villager (Male) |
| 22:06 | Encolar | Knight |
| 22:08 | Encolar | Knight |
| 22:08 | Encolar | Knight |
| 22:29 | Encolar | Villager (Male) |
| 22:48 | Encolar | Villager (Male) |
| 23:11 | Construir | Siege Workshop |
| 23:34 | Encolar | Villager (Male) |
| 23:50 | Construir | Market |
| 23:57 | Encolar | Villager (Male) |
| 23:58 | Encolar | Villager (Male) |
| 24:07 | Construir | Lumber Camp |
| 24:31 | Encolar | Camel Scout |
| 24:31 | Encolar | Camel Scout |
| 24:40 | Encolar | Villager (Male) |
| 24:41 | Encolar | Villager (Male) |
| 24:53 | Construir | Town Center |
| 25:09 | Encolar | Villager (Male) |
| 25:10 | Encolar | Villager (Male) |
| 25:10 | Encolar | Villager (Male) |
| 25:33 | Encolar | Camel Scout |
| 25:33 | Encolar | Camel Scout |
Build order — XEVER | Rivux
Primeras 150 de 676 acciones detectadas
| 0:00 | Encolar | Villager (Male) |
| 0:01 | Encolar | Villager (Male) |
| 0:01 | Encolar | Villager (Male) |
| 0:01 | Encolar | Villager (Male) |
| 0:02 | Encolar | Villager (Male) |
| 0:02 | Encolar | Villager (Male) |
| 0:03 | Construir | House |
| 0:04 | Construir | House |
| 1:25 | Encolar | Villager (Male) |
| 1:49 | Encolar | Villager (Male) |
| 1:58 | Construir | Lumber Camp |
| 2:21 | Encolar | Villager (Male) |
| 2:50 | Encolar | Villager (Male) |
| 3:04 | Encolar | Villager (Male) |
| 3:05 | Encolar | Villager (Male) |
| 3:05 | Encolar | Villager (Male) |
| 3:39 | Encolar | Villager (Male) |
| 3:50 | Construir | House |
| 3:52 | Encolar | Villager (Male) |
| 3:53 | Encolar | Villager (Male) |
| 4:31 | Construir | Mill |
| 4:31 | Encolar | Villager (Male) |
| 4:31 | Encolar | Villager (Male) |
| 4:54 | Encolar | Villager (Male) |
| 5:06 | Construir | House |
| 5:24 | Encolar | Villager (Male) |
| 5:27 | Encolar | Villager (Male) |
| 5:27 | Investigar | Loom |
| 6:13 | Investigar | Feudal Age |
| 6:13 | Investigar | Feudal Age |
| 7:28 | Construir | Barracks |
| 8:15 | Encolar | Villager (Male) |
| 8:26 | Edad | Edad Feudal |
| 8:29 | Construir | Stable |
| 8:34 | Investigar | Double-Bit Axe |
| 8:34 | Investigar | Double-Bit Axe |
| 8:40 | Encolar | Villager (Male) |
| 8:41 | Construir | Farm |
| 8:55 | Encolar | Villager (Male) |
| 9:10 | Encolar | Scout Cavalry |
| 9:10 | Encolar | Scout Cavalry |
| 9:18 | Construir | Farm |
| 9:19 | Construir | Farm |
| 9:25 | Encolar | Villager (Male) |
| 9:25 | Encolar | Villager (Male) |
| 9:25 | Encolar | Villager (Male) |
| 9:39 | Construir | Farm |
| 9:41 | Encolar | Villager (Male) |
| 9:49 | Construir | House |
| 9:50 | Encolar | Spearman |
| 9:57 | Construir | Palisade Wall |
| 9:59 | Construir | Palisade Wall |
| 10:01 | Construir | Palisade Wall |
| 10:13 | Construir | House |
| 10:22 | Encolar | Spearman |
| 10:27 | Encolar | Scout Cavalry |
| 10:39 | Encolar | Villager (Male) |
| 10:41 | Construir | Farm |
| 10:44 | Construir | House |
| 10:57 | Encolar | Villager (Male) |
| 11:12 | Encolar | Spearman |
| 11:17 | Encolar | Villager (Male) |
| 11:23 | Construir | Farm |
| 11:31 | Encolar | Scout Cavalry |
| 11:41 | Encolar | Villager (Male) |
| 11:57 | Encolar | Spearman |
| 12:11 | Encolar | Villager (Male) |
| 12:26 | Construir | Watch Tower |
| 12:31 | Encolar | Scout Cavalry |
| 12:32 | Encolar | Scout Cavalry |
| 12:41 | Encolar | Villager (Male) |
| 12:41 | Encolar | Villager (Male) |
| 12:45 | Construir | House |
| 12:58 | Construir | Watch Tower |
| 13:05 | Construir | Farm |
| 13:05 | Encolar | Villager (Male) |
| 13:13 | Encolar | Scout Cavalry |
| 13:13 | Encolar | Scout Cavalry |
| 13:30 | Encolar | Villager (Male) |
| 13:32 | Encolar | Spearman |
| 13:39 | Construir | Archery Range |
| 13:39 | Encolar | Villager (Male) |
| 13:39 | Encolar | Villager (Male) |
| 13:52 | Encolar | Spearman |
| 13:52 | Encolar | Villager (Male) |
| 13:57 | Construir | House |
| 13:58 | Construir | Palisade Wall |
| 13:59 | Construir | Palisade Wall |
| 14:00 | Construir | Palisade Wall |
| 14:08 | Encolar | Villager (Male) |
| 14:22 | Encolar | Spearman |
| 14:23 | Encolar | Villager (Male) |
| 14:36 | Construir | Mining Camp |
| 14:42 | Encolar | Villager (Male) |
| 14:42 | Encolar | Skirmisher |
| 14:47 | Construir | Mining Camp |
| 15:10 | Encolar | Skirmisher |
| 15:10 | Encolar | Skirmisher |
| 15:21 | Encolar | Villager (Male) |
| 15:29 | Construir | Palisade Wall |
| 15:31 | Construir | Palisade Wall |
| 15:34 | Encolar | Archer |
| 15:36 | Encolar | Villager (Male) |
| 16:00 | Construir | House |
| 16:12 | Construir | Watch Tower |
| 16:18 | Encolar | Archer |
| 16:44 | Construir | Blacksmith |
| 16:56 | Encolar | Archer |
| 17:10 | Construir | Mining Camp |
| 17:11 | Encolar | Villager (Male) |
| 17:37 | Investigar | Fletching |
| 17:43 | Encolar | Villager (Male) |
| 17:48 | Construir | Farm |
| 17:49 | Construir | Farm |
| 18:01 | Construir | Watch Tower |
| 18:07 | Investigar | Wheelbarrow |
| 19:32 | Encolar | Villager (Male) |
| 19:33 | Construir | Farm |
| 19:34 | Construir | Farm |
| 19:35 | Construir | Farm |
| 19:57 | Encolar | Villager (Male) |
| 19:59 | Construir | Market |
| 20:15 | Construir | Stone Wall |
| 20:16 | Construir | Stone Wall |
| 20:17 | Construir | Stone Wall |
| 20:45 | Investigar | Castle Age |
| 20:46 | Investigar | Castle Age |
| 21:14 | Construir | Farm |
| 21:14 | Construir | Farm |
| 21:17 | Construir | Farm |
| 21:31 | Construir | Farm |
| 21:32 | Construir | Farm |
| 21:35 | Construir | Farm |
| 21:36 | Construir | Farm |
| 21:45 | Construir | Stone Wall |
| 21:55 | Construir | Stone Wall |
| 21:55 | Construir | Stone Wall |
| 22:07 | Encolar | Spearman |
| 22:09 | Construir | House |
| 22:12 | Construir | House |
| 22:22 | Construir | Stable |
| 22:25 | Encolar | Villager (Male) |
| 22:32 | Construir | Stone Wall |
| 22:41 | Investigar | Scale Barding Armor |
| 22:51 | Investigar | Horse Collar |
| 22:51 | Investigar | Horse Collar |
| 23:07 | Construir | House |
| 23:14 | Investigar | Gold Mining |
| 23:25 | Edad | Edad de los Castillos |
| 23:30 | Encolar | Knight |
Cronología de la partida
| 7:28 | XEVER | Rivux · first_building Barracks |
| 7:51 | _DY_孟川 · first_building Barracks |
| 8:26 | XEVER | Rivux · age_up feudal |
| 8:29 | XEVER | Rivux · first_building Stable |
| 8:54 | _DY_孟川 · age_up feudal |
| 8:57 | _DY_孟川 · first_building Stable |
| 9:41 | _DY_孟川 · wall_segment Palisade Wall x1 |
| 9:57 | XEVER | Rivux · wall_segment Palisade Wall x3 |
| 9:59 | XEVER | Rivux · wall_segment Palisade Wall x2 |
| 10:01 | XEVER | Rivux · wall_segment Palisade Wall x6 |
| 10:08 | _DY_孟川 · wall_segment Palisade Wall x3 |
| 10:15 | _DY_孟川 · wall_segment Palisade Wall x8 |
| 10:22 | _DY_孟川 · wall_segment Palisade Wall x9 |
| 10:39 | _DY_孟川 · wall_segment Palisade Wall x1 |
| 13:39 | XEVER | Rivux · first_building Archery Range |
| 13:58 | XEVER | Rivux · wall_segment Palisade Wall x2 |
| 13:59 | XEVER | Rivux · wall_segment Palisade Wall x3 |
| 14:00 | XEVER | Rivux · wall_segment Palisade Wall x2 |
| 14:24 | _DY_孟川 · wall_segment Palisade Wall x1 |
| 14:39 | _DY_孟川 · wall_segment Palisade Wall x1 |
| 14:41 | _DY_孟川 · wall_segment Palisade Wall x1 |
| 15:29 | XEVER | Rivux · wall_segment Palisade Wall x1 |
| 15:31 | XEVER | Rivux · wall_segment Palisade Wall x9 |
| 15:52 | _DY_孟川 · wall_segment Stone Wall x1 |
| 15:55 | _DY_孟川 · wall_segment Stone Wall x1 |
| 15:57 | _DY_孟川 · wall_segment Stone Wall x1 |
| 16:17 | _DY_孟川 · wall_segment Stone Wall x1 |
| 16:18 | _DY_孟川 · wall_segment Stone Wall x1 |
| 16:22 | _DY_孟川 · wall_segment Stone Wall x1 |
| 17:18 | _DY_孟川 · wall_segment Stone Wall x1 |
| 17:24 | _DY_孟川 · wall_segment Stone Wall x1 |
| 18:53 | _DY_孟川 · wall_segment Stone Wall x1 |
| 20:15 | XEVER | Rivux · wall_segment Stone Wall x2 |
| 20:16 | XEVER | Rivux · wall_segment Stone Wall x3 |
| 20:17 | XEVER | Rivux · wall_segment Stone Wall x2 |
| 20:31 | XEVER | Rivux · first_market_buy 100 food |
| 20:43 | _DY_孟川 · age_up castle |
| 20:45 | XEVER | Rivux · first_market_sell 100 stone |
| 21:45 | XEVER | Rivux · wall_segment Stone Wall x1 |
| 21:55 | XEVER | Rivux · wall_segment Stone Wall x2 |
| 21:55 | XEVER | Rivux · wall_segment Stone Wall x3 |
| 22:32 | XEVER | Rivux · wall_segment Stone Wall x1 |
| 23:11 | _DY_孟川 · first_building Siege Workshop |
| 23:25 | XEVER | Rivux · age_up castle |
| 23:52 | XEVER | Rivux · wall_segment Stone Wall x1 |
| 24:10 | XEVER | Rivux · wall_segment Stone Wall x1 |
| 24:13 | XEVER | Rivux · wall_segment Stone Wall x1 |
| 24:49 | _DY_孟川 · first_market_buy 100 stone |
| 25:30 | XEVER | Rivux · wall_segment Palisade Wall x1 |
| 25:30 | XEVER | Rivux · wall_segment Palisade Wall x1 |
| 25:48 | _DY_孟川 · first_building Monastery |
| 26:45 | XEVER | Rivux · wall_segment Stone Wall x1 |
| 31:08 | XEVER | Rivux · wall_segment Palisade Wall x1 |
| 31:42 | XEVER | Rivux · first_building Castle |
| 32:32 | _DY_孟川 · first_building Castle |
| 33:12 | _DY_孟川 · first_market_sell 500 wood |
| 36:46 | _DY_孟川 · age_up imperial |
| 37:16 | _DY_孟川 · first_building Archery Range |
| 37:35 | _DY_孟川 · wall_segment Stone Wall x1 |
| 37:39 | XEVER | Rivux · first_building Monastery |
| 38:29 | XEVER | Rivux · age_up imperial |
| 46:02 | XEVER | Rivux · wall_segment Stone Wall x1 |
| 47:41 | _DY_孟川 · resign |
[ ANÁLISIS IA · 1 CRÉDITO ]
¿Qué pasó realmente en esta partida?
Wolo.gg analiza cada decisión: build order, eco, micro, errores típicos por bracket. Análisis personalizado por WhatsApp o Discord en 30 segundos.
Guía civ
Etíopes
Perfil
Jugador #1821855